 Dungeon Crawl Stone Soup version 0.30-a0-757-ga6a79fd877 (webtiles) character file.

Game seed: 15079654345284998363

121 sokol815 the Skirmisher (level 5, -2/30 HPs)
             Began as a Kobold Hunter on Feb 10, 2023.
             Was a Follower of Dithmenos.
             Killed by nerve-wracking pain
             ... invoked by an orc priest
              (14 damage)
             ... on level 2 of the Dungeon.
             The game lasted 00:04:01 (2276 turns).

sokol815 the Skirmisher (Kobold Hunter)             Turns: 2276, Time: 00:04:01

Health: -2/30      AC:  3    Str:  9    XL:     5   Next: 26%
Magic:  5/5        EV: 14    Int: 10    God:    Dithmenos [*.....]
Gold:   221        SH:  5    Dex: 20    Spells: 4/4 levels left

rFire   . . .      SeeInvis .    a - +0 shortbow
rCold   . . .      Faith    .    (shield currently unavailable)
rNeg    . . .      Spirit   .    c - +0 leather armour
rPois   .          Reflect  +    (no helmet)
rElec   .          Harm     .    (no cloak)
rCorr   .          Rampage  .    (no gloves)
Will    .....                    (no boots)
Stlth   +++                      f - amulet of reflection
HPRegen 0.25/turn                (no ring)
MPRegen 0.09/turn                (no ring)

@: wreathed by umbra
A: small, no large weapons, nightstalker 3
a: Renounce Religion


You were on level 2 of the Dungeon.
You worshipped Dithmenos.
Dithmenos was aware of your devotion.
You visited 1 branch of the dungeon, and saw 3 of its levels.

You collected 221 gold pieces.

Inventory:

Hand Weapons
 a - a +0 shortbow (weapon)
 h - a +0 dagger
   (You took it off an orc wizard on level 2 of the Dungeon)
Missiles
 b - 8 poisoned darts
 j - a boomerang
 s - 4 stones
Armour
 c - a +0 leather armour (worn)
 i - a +0 kite shield
   (You took it off an orc on level 3 of the Dungeon)
Jewellery
 f - an amulet of reflection (around neck)
   (You found it on level 3 of the Dungeon)
Scrolls
 d - a scroll of blinking {unknown}
 e - a scroll of acquirement {unknown}
 g - 2 scrolls of teleportation {unknown}
 k - a scroll of fog {unknown}
 n - a scroll of enchant weapon {unknown}
 K - a scroll of immolation {!r}
Potions
 m - a potion of cancellation {unknown}
 o - a potion of flight {unknown}
 H - a potion of haste
 I - a potion of invisibility
 U - a potion of mutation {!q}


   Skills:
 - Level 2.1 Fighting
 + Level 8.2 Ranged Weapons
 - Level 2.4 Dodging
 - Level 1.3 Stealth


You had 4 spell levels left.
You didn't know any spells.
Your spell library contained the following spells:

 Spells                   Type           Power      Damage    Failure   Level
 Shock                    Conj/Air       0%         1d3       47%         1
 Swiftness                Air            0%         N/A       85%         3
 Airstrike                Air            0%         2d(0-16)  99%         4


Dungeon Overview and Level Annotations

Branches:
Dungeon (3/15) Zot: 15680

Altars:
Dithmenos


Innate Abilities, Weirdness & Mutations

You are small and have problems with some larger weapons.
You are completely attuned to the shadows.


Message History

You kill the orc!
Dithmenos accepts your kill.
You shoot an arrow. The arrow hits the orc!
You kill the orc!
Dithmenos accepts your kill.
You shoot an arrow. The arrow hits the orc!
You kill the orc!
Dithmenos accepts your kill.
Your Ranged Weapons skill increases to level 8!
No target in view!
Items here: )) [ †.
You shoot an arrow. The arrow hits the orc.
You hear a shout!
You shoot an arrow. The arrow closely misses the orc.
An orc comes into view. It is wielding a +0 hand axe.
You shoot an arrow. The arrow barely misses the orc.
The orc misses you.
You shoot an arrow. The arrow hits the orc.
You kill the orc!
Dithmenos accepts your kill.
You shoot an arrow. The arrow hits the orc!
You kill the orc!
Dithmenos accepts your kill.
You hear an angry hiss.
No target in view!
i - a +0 kite shield An adder comes into view.
An adder is nearby!
You shoot an arrow. The arrow hits the adder.
You shoot an arrow. The arrow misses the adder.
The adder barely misses you.
You shoot an arrow. The arrow misses the adder.
The adder bites you.
You are poisoned.
The adder poisons you!
You take 2 damage, and have 28/30 hp.
You shoot an arrow. The arrow hits the adder!
You kill the adder!
Dithmenos accepts your kill.
You feel sick.
You take 2 damage, and have 26/30 hp.
No target in view!
No target in view!
You feel sick.
You feel sick.
You feel sick.
You feel sick.
You feel sick.
You are no longer poisoned.
j - a boomerang You now have 221 gold pieces (gained 16).
Items here: )) [ ††.
You see here a +0 short sword.
There is an open door here.
There is a stone staircase leading up here.
There is an open door here.
An orc comes into view. It is wielding a +0 mace.
The orc moves out of view.
Health restored: 30
Okay, then.
You shoot an arrow.
The arrow hits the orc but does no damage.
You hear a shout! x2
You shoot an arrow. The arrow hits the orc.
You shoot an arrow.
The arrow hits the orc but does no damage.
An orc comes into view. It is wielding a +0 club.
The orc closely misses you.
You shoot an arrow. The arrow closely misses the orc.
The orc hits you with a +0 mace.
You take 2 damage, and have 28/30 hp.
The orc priest mumbles some strange prayers to Beogh against you.
Beogh smites you!
You take 13 damage, and have 15/30 hp.
MASSIVE DAMAGE!!
There is an open door here.
The orc priest begins to cast a cantrip, but forgets the words!
There is a stone staircase leading up here.
Fire: a) +0 shortbow
Aim: an orc, wielding a +0 mace and wearing a +0 leather armour (heavily wounded, 67% to hit)
You shoot an arrow. The arrow barely misses the orc.
The arrow closely misses the orc.
Fire: a) +0 shortbow
Aim: an orc, wielding a +0 mace and wearing a +0 leather armour (heavily wounded, 67% to hit)
You shoot an arrow. The arrow completely misses the orc.
The arrow closely misses the orc priest.
The arrow hits the orc!
You kill the orc!
Dithmenos accepts your kill. The orc hits you with a +0 dagger.
You take 1 damage, and have 16/30 hp.
The orc completely misses you. The orc priest closely misses you.
You climb upwards.
There is a stone staircase leading down here.
You shoot an arrow. The arrow hits the orc priest.
The orc priest hits you with a +0 club. The orc hits you with a +0 dagger.
You take 4 damage, and have 12/30 hp.
You shoot an arrow. The arrow hits the orc priest!
The orc priest closely misses you. The orc misses you.
You shoot an arrow. The arrow hits the orc priest!
The orc priest calls down the wrath of Beogh upon you.
Pain shoots through your body!
You die...

#......†.)#
#.........#
#.........#
#.........#
##.........########
...........#......#
###..####.##......#
.##..####.##....o[#
........#.##....@o#
##......#.#.......#
....._)....)......#
...........#......#
..................#
.###..####........# ##
#..####.......####
#####....###.###....##
..######.###.# ####..#


You could see an orc priest and an orc.

Vanquished Creatures
  An orc wizard (D:2)
  2 adders
  A worm (D:2)
  3 dart slugs (D:1)
  7 orcs (D:3)
  4 ball pythons
  5 endoplasms
  3 giant cockroaches
  4 goblins
  5 hobgoblins
  4 jackals (D:2)
  3 quokkas
  3 bats (D:2)
  3 frilled lizards
  5 kobolds
  8 rats
61 creatures vanquished.

Notes
Turn   | Place    | Note
-------+----------+-------------------------------------------
     0 | D:1      | sokol815 the Kobold Hunter began the quest for the Orb.
     0 | D:1      | Reached XP level 1. HP: 12/12 MP: 1/1
   200 | D:1      | Reached XP level 2. HP: 17/17 MP: 2/2
   209 | D:1      | Reached skill level 6 in Ranged Weapons
   337 | D:1      | Found a faded altar of an unknown god.
   746 | D:1      | Reached XP level 3. HP: 21/21 MP: 3/3
   904 | D:2      | Found a shadowy altar of Dithmenos.
   912 | D:2      | Became a worshipper of Dithmenos the Shadowed
  1133 | D:2      | Reached skill level 7 in Ranged Weapons
  1133 | D:2      | Reached XP level 4. HP: 26/26 MP: 4/4
  1766 | D:3      | Reached * piety under Dithmenos
  1948 | D:3      | HP: 2/26 [something/magic dart (7)]
  2038 | D:2      | Reached XP level 5. HP: 10/30 MP: 5/5
  2143 | D:3      | Reached skill level 8 in Ranged Weapons
  2276 | D:2      | Killed from afar by an orc priest

Illustrated notes

Levels and vault maps discovered:
D:1:      sevenhm_arrival_forest_fort_large_2, layout_basic,
          shapermc_ecumenical_altar_totnotflames
D:2:      layout_rooms, basic_altar
D:3:      layout_basic, minmay_quantized, uniq_grinder

Skill      XL: |  1  2  3  4  5 |
---------------+----------------+-----
Ranged Weapons | 6 7 8 |  8.2
Fighting       | |  2.1
Dodging        | |  2.4
Stealth        | |  1.3

Action                     |  1- 3 |  4- 6 || total
---------------------------+-------+-------++-------
  Melee: Shortbow          |       |     2 ||     2
   Fire: Shortbow          |    92 |    94 ||   186
    Use: Scroll            |       |     5 ||     5
         Potion            |       |     1 ||     1
 Armour: Leather armour    |    12 |     8 ||    20
  Dodge: Dodged            |    27 |    36 ||    63
  Block: Other             |       |     1 ||     1

Table legend: (Time is in decaauts)
 A = Elapsed time spent in this place.
 B = Non-inter-level travel time spent in this place.
 C = Inter-level travel time spent in this place.
 D = Time resting spent in this place.
 E = Time spent auto-exploring this place.
 F = Levels seen in this place.
 G = Mean time per level.
                   A        B        C        D        E       F      G
               +--------+--------+--------+--------+--------+-----+--------+
         Total |   2318 |   2275 |     43 |    170 |   1721 |   3 |  772.7 |
       Dungeon |   2318 |   2275 |     43 |    170 |   1721 |   3 |  772.7 |
               +--------+--------+--------+--------+--------+-----+--------+

Top non-repeatable levels by time:
     D:1: 879 daAuts
     D:2: 767 daAuts
     D:3: 671 daAuts

Table legend:
 A = Kills in this place as a percentage of kills in entire the game.
 B = Kills by you in this place as a percentage of kills by you in the entire game.
 C = Kills by friends in this place as a percentage of kills by friends in the entire game.
 D = Other kills in this place as a percentage of other kills in the entire game.
 E = Experience gained in this place as a percentage of experience gained in the entire game.
 F = Experience gained in this place divided by the number of levels of this place that you have seen.
                   A       B       C       D       E      F
               +-------+-------+-------+-------+-------+----------------------
         Total | 100.0 | 100.0 |   N/A |   N/A | 100.0 |  58.0
       Dungeon | 100.0 | 100.0 |   N/A |   N/A | 100.0 |  58.0
               +-------+-------+-------+-------+-------+----------------------
